 Dungeon Crawl Stone Soup version 0.31-a0-174-g85c54bcb58 (webtiles) character file.

Game seed: 11388706742606141040

28 qw the Shooter (level 3, -1/32 HPs)
             Began as a Naga Hunter on June 15, 2023.
             Slain by a goblin
             ... wielding a +0 dagger
             ... led by Robin
              (2 damage)
             ... on level 2 of the Dungeon.
             The game lasted 00:00:18 (876 turns).

qw the Shooter (Naga Hunter)                         Turns: 876, Time: 00:00:18

Health: -1/32      AC:  2    Str: 13    XL:     3   Next: 14%
Magic:  3/3        EV:  9    Int:  9    God:
Gold:   108        SH:  0    Dex: 16    Spells: 2/2 levels left

rFire   . . .        Y - +0 shortbow
rCold   . . .        (shield currently unavailable)
rNeg    . . .        c - +0 leather armour
rPois   +            (no helmet)
rElec   .            (no cloak)
rCorr   .            (no gloves)
SInv    +            (no barding)
Will    .....        (no amulet)
Stlth   ++           (no ring)
HPRegen 0.25/turn    (no ring)
MPRegen 0.08/turn

%: no passive effects
@: short of breath, very slow
A: AC +1, large, see invisible, deformed body, poison resistance, slowness 2,
spit poison 1, naga tail 1
a: Spit Poison


You were on level 2 of the Dungeon.
You visited 1 branch of the dungeon, and saw 2 of its levels.

You collected 108 gold pieces.


Innate Abilities, Weirdness & Mutations

Your serpentine skin is tough. (AC +1)
You have supernaturally acute eyesight. (SInv)
Armour fits poorly on your strangely shaped body.
Your system is resistant to poisons. (rPois)
You cover ground very slowly.
You can spit poison.
You have a snake-like lower body.


   Skills:
 - Level 2.0 Fighting
 + Level 4.5 Ranged Weapons
 - Level 1.5 Dodging
 - Level 1.5 Stealth


You had 2 spell levels left.
You didn't know any spells.
Your spell library was empty.

Inventory:

Hand Weapons
 Y - a +0 shortbow (weapon)
Armour
 c - a +0 leather armour (worn)
Scrolls
 a - a scroll of summoning {unknown}
Potions
 f - a potion of haste {unknown}
 g - 2 potions of might
 h - a potion of curing

Dungeon Overview and Level Annotations

Branches:
Dungeon (2/15)

Altars:

Annotations:
D:2 Robin


Message History

Aiming: Spit Poison (2% risk of failure)
Press: ? - help, Shift-Dir - straight line, f/p - goblin The splash of poison misses the goblin.
The hobgoblin shouts!
A hobgoblin comes into view.
The goblin barely misses you.
Robin roars a battlecry!
The goblins go into a battle-frenzy!
A goblin comes into view. It is wielding a +0 club.
You shoot an arrow. The arrow barely misses the goblin.
The arrow hits the goblin.
The goblin is moderately wounded.
The goblin hits you with a +0 dagger.
870 ||| Stepping ~*~*~tactically~*~*~ (outnumbered).
The goblin attacks as you move away! The goblin hits you with a +0 club.
You shoot an arrow. The arrow closely misses the goblin.
You have got your breath back.
The goblin hits you with a +0 club. The goblin barely misses you.
The goblin hits you with a +0 dagger.
872 ||| INVOKING Spit Poison.
Aiming: Spit Poison (2% risk of failure)
Press: ? - help, Shift-Dir - straight line, f/p - goblin The splash of poison hits the goblin!
You kill the goblin!
The goblin barely misses you.
You shoot an arrow. The arrow hits the goblin.
The goblin is moderately wounded.
The goblin closely misses you. The goblin hits you with a +0 dagger.
You shoot an arrow. The arrow hits the goblin!
You kill the goblin!
The hobgoblin hits you. The goblin hits you with a +0 dagger.
You shoot an arrow. The arrow hits the goblin!
You kill the goblin!
The hobgoblin hits you but does no damage.
The goblin hits you with a +0 dagger.
You shoot an arrow. The arrow barely misses the hobgoblin.
The arrow barely misses the goblin.
The hobgoblin barely misses you. The hobgoblin misses you.
The goblin hits you with a +0 dagger.
You die...

####.###########..
#..............'..
#.###.##########..
#.#...............
#.#.#.############
#.#.#.# . #.# #.#
...####.# #..
......g@# ###
......gg#
.......g#
.....)..g
......).#.
.......=#.g
#######.# .. #.#


gg# #.# .# You could see Robin, 2 hobgoblins and 2 goblins.

Vanquished Creatures
  2 ball pythons (D:1)
  6 bats
  An endoplasm (D:1)
  4 goblins
  4 hobgoblins (D:1)
  2 kobolds
  A quokka (D:1)
  3 frilled lizards (D:1)
  3 rats
26 creatures vanquished.

Notes
Turn   | Place    | Note
-------+----------+-------------------------------------------
     0 | D:1      | qw the Naga Hunter began the quest for the Orb.
     0 | D:1      | Reached XP level 1. HP: 19/19 MP: 1/1
     0 | D:1      | 0 ||| qw: Version: 0.2-a-29-g511e9b1
     0 | D:1      | 0 ||| qw: Game counter: 5591
     0 | D:1      | 0 ||| qw: Always use a shield: true
     0 | D:1      | 0 ||| qw: God list: Okawaru
     0 | D:1      | 0 ||| qw: Allow faded altars: false
     0 | D:1      | 0 ||| qw: Do Orc after D:15 true
     0 | D:1      | 0 ||| qw: Do second Lair branch before Depths: true
     0 | D:1      | 0 ||| qw: Lair rune preference: random
     0 | D:1      | 0 ||| qw: Plans: Normal
     0 | D:1      | 0 ||| PLANNING D:1-11
    22 | D:1      | 22 ||| INVOKING Spit Poison.
    26 | D:1      | 26 ||| INVOKING Spit Poison.
    30 | D:1      | 30 ||| INVOKING Spit Poison.
    40 | D:1      | 40 ||| INVOKING Spit Poison.
    43 | D:1      | 43 ||| INVOKING Spit Poison.
    48 | D:1      | Reached skill level 4 in Ranged Weapons
    48 | D:1      | Reached XP level 2. HP: 21/26 MP: 2/2
    49 | D:1      | 49 ||| INVOKING Spit Poison.
    92 | D:1      | Found a faded altar of an unknown god.
    95 | D:1      | 95 ||| INVOKING Spit Poison.
   101 | D:1      | 101 ||| INVOKING Spit Poison.
   191 | D:1      | 191 ||| INVOKING Spit Poison.
   242 | D:1      | 242 ||| INVOKING Spit Poison.
   314 | D:1      | 314 ||| INVOKING Spit Poison.
   322 | D:1      | 322 ||| INVOKING Spit Poison.
   325 | D:1      | 325 ||| INVOKING Spit Poison.
   416 | D:1      | 416 ||| INVOKING Spit Poison.
   426 | D:1      | 426 ||| INVOKING Spit Poison.
   570 | D:1      | 570 ||| INVOKING Spit Poison.
   585 | D:1      | 585 ||| INVOKING Spit Poison.
   604 | D:1      | 604 ||| INVOKING Spit Poison.
   717 | D:1      | 717 ||| INVOKING Spit Poison.
   756 | D:1      | 756 ||| READING scroll labelled JUYMPOTHUJ.
   757 | D:1      | 757 ||| READING scroll labelled YTEIFI TO ICW.
   806 | D:1      | 806 ||| DRINKING 2 white potions.
   807 | D:1      | 807 ||| DRINKING 2 silvery potions.
   808 | D:1      | 808 ||| DROPPING scroll of butterflies.
   822 | D:2      | 822 ||| INVOKING Spit Poison.
   823 | D:2      | Reached XP level 3. HP: 32/32 MP: 3/3
   864 | D:2      | 864 ||| INVOKING Spit Poison.
   867 | D:2      | Noticed Robin
   868 | D:2      | 868 ||| INVOKING Spit Poison.
   870 | D:2      | 870 ||| Stepping ~*~*~tactically~*~*~ (outnumbered).
   872 | D:2      | 872 ||| INVOKING Spit Poison.
   874 | D:2      | HP: 7/32 [goblin/+0 dagger[Robin] (2)]
   875 | D:2      | HP: 1/32 [goblin/+0 dagger[Robin] (6)]
   876 | D:2      | Slain by a goblin

Levels and vault maps discovered:
D:1:      dpeg_arrival_simpleton_b, layout_loops_cross,
          shapermc_ecumenical_altar_totnotflames
D:2:      layout_basic, minmay_misc_feat_iff, uniq_crazy_yiuf_cottage,
          uniq_jessica, uniq_robin

Skill      XL: |  1 |
---------------+----+-----
Ranged Weapons | 4 |  4.5
Fighting       | |  2.0
Dodging        | |  1.5
Stealth        | |  1.5

Action                     || total
---------------------------++-------
   Fire: Shortbow          ||    47
Ability: Spit Poison       ||    23
    Use: Scroll            ||     2
         Potion            ||     2
 Armour: Leather armour    ||     8
  Dodge: Dodged            ||    18

Table legend:
 A = Non-vault XP
 B = Vault XP
 C = Vault XP percentage of total XP
 D = Non-vault monster count
 E = Vault monster count
 F = Vault count percentage of total count
                 A         B        C        D         E       F
            +---------+---------+-------+---------+---------+-------
      Total |      36 |       5 |  12.2 |      23 |       3 |  11.5
            +---------+---------+-------+---------+---------+-------
        D:1 |      33 |       0 |   0.0 |      20 |       0 |   0.0
        D:2 |       3 |       5 |  62.5 |       3 |       3 |  50.0
            +---------+---------+-------+---------+---------+-------
